 Dungeon Crawl Stone Soup version 0.30-a0-782-ge64f9170bb (webtiles) character file.

Game seed: 14225719971681412689

5028 Drevant2 the Destroyer (level 10, -2/69 HPs)
             Began as a Green Draconian Conjurer on Feb 21, 2023.
             Was a Follower of Vehumet.
             Slain by a gnoll sergeant
             ... wielding a +5 trident of freezing
              (4 damage)
             ... on level 9 of the Dungeon.
             The game lasted 00:26:22 (9695 turns).

Drevant2 the Destroyer (Green Draconian Conjurer)   Turns: 9695, Time: 00:26:22

Health: -2/69      AC:  8    Str: 10    XL:     10   Next: 30%
Magic:  6/13       EV: 12    Int: 25    God:    Vehumet [*.....]
Gold:   443        SH:  0    Dex: 10    Spells: 8/13 levels left

rFire   + . .      SeeInvis .    F - +10 morningstar "Akhogeoz" {vamp, rElec rN+ Int+3}
rCold   . . .      Faith    .    (no shield)
rNeg    + . .      Spirit   .    (body armour unavailable)
rPois   +          Reflect  .    (helmet restricted)
rElec   +          Harm     .    (no cloak)
rCorr   .          Rampage  .    b - +0 pair of gloves
Will    .....                    (no boots)
Stlth   ++                       (no amulet)
HPRegen 0.31/turn                e - ring of poison resistance
MPRegen 0.13/turn                o - ring of protection from fire

@: slowed, very slow
A: breathe noxious fumes, AC +7, unfitting armour, poison resistance,
cold-blooded
a: Breathe Noxious Fumes, Renounce Religion


You were on level 9 of the Dungeon.
You worshipped Vehumet.
Vehumet was aware of your devotion.
You visited 2 branches of the dungeon, and saw 10 of its levels.
You also visited: Sewer.

You collected 443 gold pieces.

Inventory:

Hand Weapons
 d - a +1 dagger of venom
 q - a +2 short sword of venom
 w - the +7 dagger of Yeast {flame, Will++ rCorr Int-3 Stlth+}
   (You found it in a sewer)

   Int:       It affects your intelligence (-3).
   rCorr:     It protects you from acid and corrosion.
   Will:      It greatly increases your willpower.
   Stlth:     It makes you more stealthy.
 F - the +10 morningstar "Akhogeoz" (weapon) {vamp, rElec rN+ Int+3}
   (You found it on level 6 of the Dungeon)

   Int:       It affects your intelligence (+3).
   rElec:     It insulates you from electricity.
   rN:        It protects you from negative energy.
Armour
 b - a +0 pair of gloves (worn)
 l - an orb of wrath
Jewellery
 e - a ring of poison resistance (left hand)
 o - a ring of protection from fire (right hand)
 p - a ring of see invisible
 K - a ring of fire
Wands
 j - a wand of flame (15)
 y - a wand of roots (20)
 J - a wand of charming (19)
Scrolls
 f - a scroll of teleportation
 i - 2 scrolls of silence
 k - a scroll of identify
 m - a scroll of poison {unknown}
 n - 2 scrolls of magic mapping
 D - a scroll of enchant armour {unknown}
 G - a scroll of fog
 H - 2 scrolls of vulnerability {unknown}
 I - a scroll of brand weapon {unknown}
Potions
 a - 2 potions of magic
 c - 4 potions of curing {unknown}
 g - 2 potions of might
 h - 3 potions of flight
 r - a potion of resistance {unknown}
 s - a potion of degeneration {unknown}
 t - a potion of cancellation {unknown}
 u - a potion of experience {unknown}
 v - 5 potions of haste
 x - a potion of ambrosia
 z - 3 potions of mutation {unknown}
 A - 2 potions of lignification
 B - a potion of invisibility {unknown}
 C - 3 potions of heal wounds {unknown}
 E - a potion of berserk rage {unknown}


   Skills:
 * Level 7.4 Maces & Flails
 - Level 1.7 Dodging
 - Level 1.7 Stealth
 - Level 2.0 Spellcasting
 - Level 13.6 Conjurations
 + Level 2.2 Poison Magic


You had 8 spell levels left.
You knew the following spells:

 Your Spells              Type           Power      Damage    Failure   Level
a - Magic Dart            Conj           100%       1d8       1%          1
b - Searing Ray           Conj           100%       2d8       1%          2
c - Poisonous Vapours     Pois/Air       16%        N/A       11%         2

Your spell library contained the following spells:

 Spells                   Type           Power      Damage    Failure   Level
 Dazzling Flash           Conj/Hex       72%        N/A       1%          3
 Fulminant Prism          Conj/Hex       18%        3d10      7%          4
 Iskenderun's Mystic Bla  Conj/Tloc      36%        2d9       7%          4
 Slow                     Hex            8%         N/A       11%         1
 Ensorcelled Hibernation  Hex/Ice        4%         N/A       17%         2
 Passwall                 Tmut/Erth      1%         N/A       17%         2
 Confusing Touch          Hex            2%         N/A       32%         3
 Swiftness                Air            2%         N/A       32%         3
 Vampiric Draining        Necr           2%         2d6       32%         3


Dungeon Overview and Level Annotations

Branches:
Dungeon (9/15)             Temple (1/1) D:4           Sewer (visited)
   Lair: D:8-11         Orc: D:9-12

Altars:
Ashenzari
Cheibriados
Dithmenos
Elyvilon
Fedhas
Gozag
Hepliaklqana
Kikubaaqudgha
Makhleb
Nemelex Xobeh
Okawaru
Qazlal
Ru
Sif Muna
Trog
Uskayaw
Vehumet
Wu Jian
Xom
Yredelemnul
Zin
The Shining One

Shops:
D:6 =

Annotations:
D:2 Sigmund
D:6 1 runed translucent door, Heedrag's ghost, novice DsCj
Temple 2 transporters


Innate Abilities, Weirdness & Mutations

You can breathe blasts of noxious fumes.
Your lurid green scales are hard. (AC +7)
You cannot fit into any form of body armour.
Your system is resistant to poisons. (rPois)
You are cold-blooded and may be slowed by cold attacks.


Message History

Press: ? - help, Shift-Dir - straight line, f - gnoll
Aim: a gnoll, wielding a +0 spear (85% to hit)
The searing ray hits the gnoll sergeant!
The gnoll sergeant is moderately wounded.
The searing ray hits the gnoll!
The gnoll is heavily wounded. (Press . to maintain the ray.)
The gnoll hits you but does no damage.
The gnoll hits you from afar with a +0 spear!
The searing ray hits the gnoll!
The gnoll is severely wounded.
The searing ray hits the gnoll.
The gnoll is almost dead.
The gnoll hits you from afar with a +0 spear.
The gnoll misses you.
The gnoll sergeant hits you from afar with a +5 trident of freezing!
* * * LOW HITPOINT WARNING * * *
You feel yourself slow down. The gnoll sergeant freezes you!
* * * LOW HITPOINT WARNING * * *
The gnoll barely misses you.
Casting: Searing Ray (safe; 1% risk of failure)
Confirm with . or Enter, or press ? or * to list all spells.
You don't know that spell.
Unknown command.
The gnoll sergeant hits you from afar with a +5 trident of freezing.
* * * LOW HITPOINT WARNING * * *
You feel as though you will be slow longer.
The gnoll sergeant freezes you.
* * * LOW HITPOINT WARNING * * *
The gnoll hits you with a +0 club.
* * * LOW HITPOINT WARNING * * *
The gnoll hits you from afar with a +0 spear.
* * * LOW HITPOINT WARNING * * *
The gnoll misses you. The gnoll closely misses you.
The gnoll hits you but does no damage. The gnoll misses you.
The gnoll sergeant hits you from afar with a +5 trident of freezing!
* * * LOW HITPOINT WARNING * * *
You feel as though you will be slow longer.
The gnoll sergeant freezes you.
You die...

###########
.........#
#........#
#........#
#....g...#
#[.@.g...#
#..g.g...#
#....g.!.#
.[#
#........#
$.#
#$.......#
..#
#........#
..#
#........#
..#
#........#
.$#


You could see a gnoll sergeant and 4 gnolls.

Vanquished Creatures
  A troll (D:9)
  A wyvern (D:8)
  9 yaks
  A steam dragon (D:8)
  2 vampire mosquitoes (D:7)
  An ice beast (D:8)
  4 sky beasts
  2 black bears
  2 ogres
  A centaur (D:9)
  3 phantoms
  A kobold brigand (D:6)
  2 bullfrogs (D:7)
  2 scorpions
  3 wights (D:8)
  6 killer bees (D:7)
  4 howler monkeys
  5 hounds
  2 jellies (Sewer)
  An orc priest (D:7)
  A gnoll bouda (D:7)
  Terence (D:3)
  Jessica (D:3)
  9 orc wizards
  Natasha (thrice) (D:2 D:4)
  Robin (D:2)
  13 gnolls
  9 adders
  2 river rats
  2 white imps
  An ufetubus (D:6)
  2 worms
  3 dart slugs
  26 orcs
  15 endoplasms
  10 giant cockroaches
  11 goblins
  10 hobgoblins
  3 quokkas
  11 ball pythons
  6 bats
  5 frilled lizards
  10 kobolds
  10 rats
  A spectral orc (D:5)
219 creatures vanquished.

Vanquished Creatures (others)
  An orc (D:5)
  2 plants (D:5)
3 creatures vanquished.

Grand Total: 222 creatures vanquished

Notes
Turn   | Place    | Note
-------+----------+-------------------------------------------
     0 | D:1      | Drevant2 the Draconian Conjurer began the quest for the
                  | Orb.
     0 | D:1      | Reached XP level 1. HP: 14/14 MP: 3/3
   274 | D:1      | Reached XP level 2. HP: 20/20 MP: 5/5
   347 | D:1      | Learned a level 2 spell: Searing Ray
   862 | D:2      | Noticed Natasha
   864 | D:2      | Noticed a crimson imp
   908 | D:2      | Killed Natasha
   909 | D:2      | Reached skill level 5 in Conjurations
   909 | D:2      | Reached XP level 3. HP: 20/26 MP: 6/6
   981 | D:2      | Noticed Natasha
  1160 | D:2      | Noticed Robin
  1245 | D:1      | Reached XP level 4. HP: 33/33 MP: 7/7
  1344 | D:2      | Killed Robin
  1577 | D:2      | Reached skill level 6 in Conjurations
  1781 | D:2      | Noticed Sigmund
  2032 | D:3      | Noticed Jessica
  2044 | D:3      | Killed Jessica
  2049 | D:3      | Reached XP level 5. HP: 38/38 MP: 2/8
  2520 | D:3      | Reached skill level 7 in Conjurations
  2615 | D:3      | Noticed Terence
  2636 | D:3      | Killed Terence
  2637 | D:3      | Reached XP level 6. HP: 26/45 MP: 0/9
  3111 | D:4      | Found a glowing drain.
  3158 | Sewer    | Entered a sewer
  3449 | Sewer    | Found a viscous altar of Jiyva.
  3495 | Sewer    | Identified the +7 dagger of Yeast {flame, Will++ rCorr
                  | Int-3 Stlth+}
  3717 | D:4      | Killed Natasha
  3718 | D:4      | Reached skill level 8 in Conjurations
  3818 | D:4      | Noticed Natasha
  3824 | D:4      | Killed Natasha
  4017 | D:4      | Your scales start taking on a lurid green colour.
  4017 | D:4      | Reached XP level 7. HP: 50/50 MP: 1/10
  4017 | D:4      | Gained mutation: Your system is resistant to poisons.
                  | (rPois) [Green Draconian growth]
  4097 | D:4      | Found a staircase to the Ecumenical Temple.
  4234 | Temple   | Entered the Ecumenical Temple
  4234 | Temple   | Found a transporter.
  4234 | Temple   | Found a transporter.
  4236 | Temple   | Found a transporter.
  4236 | Temple   | Found a transporter.
  4254 | Temple   | Became a worshipper of Vehumet
  4477 | D:4      | Reached skill level 9 in Conjurations
  4643 | D:5      | Entered Level 5 of the Dungeon
  5174 | D:5      | Reached skill level 10 in Conjurations
  5203 | D:5      | Found a shimmering blue altar of Sif Muna.
  5294 | D:5      | Reached XP level 8. HP: 47/57 MP: 7/11
  5474 | D:5      | Found a basalt altar of Yredelemnul.
  5740 | D:5      | Reached skill level 11 in Conjurations
  6287 | D:6      | Identified the +10 morningstar "Akhogeoz" {vamp, rElec rN+
                  | Int+3}
  6379 | D:6      | Noticed a troll
  6463 | D:6      | Noticed a purple ugly thing
  6594 | D:6      | Reached skill level 12 in Conjurations
  6662 | D:6      | Found Xasix's Jewellery Shop.
  6793 | D:6      | Found a runed translucent door.
  6802 | D:6      | Noticed Heedrag's ghost (novice DsCj)
  6833 | D:6      | Reached XP level 9. HP: 55/62 MP: 7/12
  7168 | D:7      | Reached * piety under Vehumet
  7168 | D:7      | Offered knowledge of Kiss of Death by Vehumet.
  7181 | D:7      | Reached skill level 13 in Conjurations
  7698 | D:7      | Reached skill level 1 in Maces & Flails
  8646 | D:8      | Reached skill level 5 in Maces & Flails
  8754 | D:8      | Reached ** piety under Vehumet
  8755 | D:8      | Reached XP level 10. HP: 50/69 MP: 9/13
  8763 | D:8      | Offered knowledge of Poisonous Vapours by Vehumet.
  9148 | D:8      | Learned a level 2 spell: Poisonous Vapours
  9159 | D:9      | Reached skill level 1 in Poison Magic
  9259 | D:9      | Found a sparkling altar of Nemelex Xobeh.
  9695 | D:9      | HP: 2/69 [gnoll sergeant/+5 trident of freezing (9)]
  9695 | D:9      | Slain by a gnoll sergeant

Illustrated notes

Levels and vault maps discovered:
D:1:      shiori_arrival_elements, layout_basic
D:2:      kennysheep_big_flooded_room, layout_loops_corners,
          minmay_misc_feat_columns, st_stairs_10, uniq_natasha, uniq_robin,
          uniq_sigmund
D:3:      layout_loops_ring, uniq_jessica, uniq_terence
D:4:      layout_gridville, minmay_temple_entry_nine_rooms,
          cheibrodos_sewer_entry_sluice, minmay_misc_feat_rows
D:5:      layout_basic, nicolae_sif_muna_little_library,
          yredelemnul_forgotten_temple_becter, serial_bayou_lagoon_b
D:6:      layout_basic, ebering_ghost_reflecting_pool, serial_shops,
          nicolae_shop_behind_doors
D:7:      layout_loops_cross
D:8:      layout_rooms
D:9:      layout_long_grid, mainiacjoe_overflow_small_starburst, uniq_gastronok
Temple:   hellmonk_temple_divided_pantheon

Skill      XL: |  1  2  3  4  5  6  7  8  9 10 |
---------------+-------------------------------+-----
Conjurations   | 5 6 7 8 10 12 13 | 13.6
Maces & Flails | 5 7 |  7.4
Poison Magic   | 2 |  2.2
Dodging        | |  1.7
Stealth        | |  1.7
Spellcasting   | |  2.0

Action                     |  1- 3 |  4- 6 |  7- 9 | 10-12 || total
---------------------------+-------+-------+-------+-------++-------
  Melee: Dagger            |    74 |   100 |    55 |       ||   229
         Tailslap          |    12 |    28 |     9 |     3 ||    52
         Punch             |     1 |     1 |       |       ||     2
         Short sword       |       |    82 |       |       ||    82
         Morningstar       |       |       |    91 |    15 ||   106
   Cast: Magic Dart        |     9 |    46 |    76 |     7 ||   138
         Searing Ray       |       |     7 |    32 |     6 ||    45
Ability: Breathe Noxious F |       |       |     3 |       ||     3
    Use: Scroll            |       |     2 |     7 |       ||     9
         Potion            |       |       |       |     1 ||     1
   Stab: Sleeping          |     2 |     7 |     4 |       ||    13
         Confused          |       |       |     1 |       ||     1
 Armour: Skin              |    38 |    58 |    84 |    12 ||   192
  Dodge: Dodged            |    66 |   111 |   145 |    24 ||   346

Table legend: (Time is in decaauts)
 A = Elapsed time spent in this place.
 B = Non-inter-level travel time spent in this place.
 C = Inter-level travel time spent in this place.
 D = Time resting spent in this place.
 E = Time spent auto-exploring this place.
 F = Levels seen in this place.
 G = Mean time per level.
                   A        B        C        D        E       F      G
               +--------+--------+--------+--------+--------+-----+--------+
         Total |   9803 |   8441 |   1362 |   2809 |   3856 |  11 |  891.2 |
       Dungeon |   9184 |   7836 |   1348 |   2529 |   3763 |   9 | 1020.4 |
        Temple |     31 |     17 |     14 |      0 |      6 |   1 |   31.0 |
         Sewer |    587 |    587 |      0 |    280 |     86 |   1 |  587.0 |
               +--------+--------+--------+--------+--------+-----+--------+

Top non-repeatable levels by time:
     D:5: 1377 daAuts
     D:7: 1232 daAuts
     D:6: 1132 daAuts
     D:8: 1127 daAuts
     D:3: 1119 daAuts
     D:2: 987 daAuts
     D:1: 979 daAuts
     D:4: 975 daAuts
   Sewer: 587 daAuts
     D:9: 253 daAuts
  Temple: 31 daAuts
